 Dungeon Sprint DCSS version 0.31-a0-845-g9abc20d24f (webtiles) character file.

Game seed: 3211355929629196423

204 rocky1 the Cudgeller (level 5, 0/51 HPs)
             Began as a Naga Gladiator on Oct 2, 2023.
             Was an Elder of Cheibriados.
             Slain by a kobold brigand
             ... wielding a +0 whip
              (8 damage)
             ... in the Dungeon (Sprint VII: "The Pits").
             The game lasted 00:01:14 (557 turns).

rocky1 the Cudgeller (Naga Gladiator)                Turns: 557, Time: 00:01:14

Health: 0/51       AC: 11    Str: 25    XL:     5   Next: 82%
Magic:  5/7        EV: 13    Int: 20    God:    Cheibriados [****..]
Gold:   0          SH:  0    Dex: 21    Spells: 4/4 levels left

rFire   . . .        p - +0 mace (protect)
rCold   . . .        (no shield)
rNeg    . . .        b - +0 leather armour
rPois   +            c - +0 helmet
rElec   .            (no cloak)
rCorr   .            (no gloves)
SInv    +            (no barding)
Will    .....        (no amulet)
Stlth   ++           (no ring)
HPRegen 0.28/turn    (no ring)
MPRegen 0.10/turn

%: no teleportation
@: under a protective aura, on berserk cooldown, slowed, very slow
A: AC +1, large, see invisible, deformed body, poison resistance, slowness 2,
spit poison 1, naga tail 1
a: Spit Poison, Renounce Religion, Bend Time, Temporal Distortion, Slouch


You were in the Dungeon.
You worshipped Cheibriados.
Cheibriados was greatly pleased with you.
You visited 1 branch

Inventory:

Hand Weapons
 a - a +0 flail
 p - a +0 mace of protection (weapon)
Missiles
 d - 3 throwing nets (quivered)
 e - a javelin
Armour
 b - a +0 leather armour (worn)
 c - a +0 helmet (worn)
Scrolls
 k - a scroll of blinking
 m - 2 scrolls of vulnerability
 n - 5 scrolls of amnesia
 o - a scroll of butterflies
Potions
 f - 6 potions of curing
 g - 6 potions of heal wounds
 h - a potion of haste
 i - 4 potions of magic
 j - a potion of berserk rage
 l - 2 potions of invisibility


   Skills:
 + Level 4.7 Fighting
 + Level 7.3 Maces & Flails
 + Level 3.1 Throwing
 + Level 2.6 Armour
 + Level 5.4 Dodging
 + Level 1.0 Stealth
 * Level 3.5 Invocations


You had 4 spell levels left.
You didn't know any spells.
Your spell library was empty.

Dungeon Overview and Level Annotations

Branches:
Dungeon (1/1)

Altars:
Ashenzari
Cheibriados
Dithmenos
Elyvilon
Fedhas
Gozag
Hepliaklqana
Kikubaaqudgha
Makhleb
Nemelex Xobeh
Okawaru
Qazlal
Ru
Sif Muna
Trog
Uskayaw
Vehumet
Wu Jian
Xom
Yredelemnul
Zin
The Shining One
Jiyva
Lugonu


Innate Abilities, Weirdness & Mutations

Your serpentine skin is tough. (AC +1)
You have supernaturally acute eyesight. (SInv)
Armour fits poorly on your strangely shaped body.
Your system is resistant to poisons. (rPois)
You cover ground very slowly.
You can spit poison.
You have a snake-like lower body.


Message History

The magic dart hits you!
You completely miss Blork the orc.
Blork the orc is heavily wounded.
Blork the orc hits you with a +0 trident!
* * * LOW HITPOINT WARNING * * *
The orc wizard gestures wildly while chanting.
The orc wizard flickers and vanishes for a moment.
You sock Blork the orc!
Your weapon exudes an aura of protection.
You kill Blork the orc!
Cheibriados appreciates the change of pace.
Cheibriados raises the support of your attributes as your movement slows.
Your Maces & Flails skill increases to level 7!
Your Throwing skill increases to level 3!
Your Armour skill increases to level 2!
Your Dodging skill increases to level 5!
Your Invocations skill gained 2 levels and is now at level 3!
You have reached level 5!
You sock the jelly!
You kill the jelly!
Cheibriados appreciates the change of pace.
You can now inflict damage on those overly hasty.
Cheibriados raises the support of your attributes as your movement slows.
Your Stealth skill increases to level 1!
You closely miss the kobold brigand. The kobold brigand misses you.
You hit the kobold brigand.
The kobold brigand is lightly wounded.
The kobold brigand closely misses you.
You bludgeon the kobold brigand!!
The kobold brigand is severely wounded.
You are no longer berserk.
You are exhausted.
You feel yourself slow down.
The kobold brigand hits you with a +0 whip.
* * * LOW HITPOINT WARNING * * *
Activating: Slouch (32% risk of failure)
Press: ? - help, Dir - look around, f - activate You fail to use your ability.
The kobold brigand hits you with a +0 whip!
You die...

#'#####'#####.....
#.#..#...'.##.....
#.#..#...#.#####'#
#.#..#####.##.....
#.#..†...#.##.....
#.#..'...'.##.....
#.#.)########...<.
#.#..'.).)[##.....
#@#..#.)))[##.....
#K###########.....
#ogo.o..# ######
#oo.#...# #...# .#
#.##. #.. #. #..
.. #.. ..


You could see a kobold brigand, an orc wizard (invisible), a gnoll and 2 orcs.

Vanquished Creatures
  Blork the orc (D)
  A scorpion (D)
  An iron imp (D)
  A jelly (D)
  An adder (D)
  A river rat (D)
  An orc (D)
  A bat skeleton (D)
  An endoplasm (D)
  A giant cockroach (D)
  2 quokkas (D)
12 creatures vanquished.

Notes
Turn   | Place    | Note
-------+----------+-------------------------------------------
     0 | D        | rocky1 the Naga Gladiator began the quest for the Orb.
     0 | D        | Reached XP level 1. HP: 19/19 MP: 1/1
    20 | D        | Reached XP level 2. HP: 13/27 MP: 2/2
    24 | D        | Found a bloodstained altar of Trog.
    24 | D        | Found a shimmering blue altar of Sif Muna.
    24 | D        | Found a viscous altar of Jiyva.
    24 | D        | Found a hazy altar of Hepliaklqana.
    24 | D        | Found an opulent altar of Gozag.
    25 | D        | Found a glowing golden altar of the Shining One.
    25 | D        | Found a glowing silver altar of Zin.
    25 | D        | Found a basalt altar of Yredelemnul.
    25 | D        | Found a shimmering altar of Xom.
    25 | D        | Found an ornate altar of the Wu Jian Council.
    25 | D        | Found a sacrificial altar of Ru.
    25 | D        | Found a stormy altar of Qazlal.
    25 | D        | Found an iron altar of Okawaru.
    25 | D        | Found a sparkling altar of Nemelex Xobeh.
    25 | D        | Found a burning altar of Makhleb.
    25 | D        | Found a blossoming altar of Fedhas.
    25 | D        | Found a white marble altar of Elyvilon.
    25 | D        | Found a shadowy altar of Dithmenos.
    25 | D        | Found a snail-covered altar of Cheibriados.
    28 | D        | Found a corrupted altar of Lugonu.
    28 | D        | Found a radiant altar of Vehumet.
    29 | D        | Found an ancient bone altar of Kikubaaqudgha.
    29 | D        | Found a hide-covered altar of Uskayaw.
    29 | D        | Found a broken altar of Ashenzari.
    36 | D        | Became a worshipper of Cheibriados the Contemplative
    76 | D        | Reached skill level 4 in Maces & Flails
    76 | D        | Reached * piety under Cheibriados
   144 | D        | Noticed a scorpion
   152 | D        | Killed a scorpion
   153 | D        | Reached skill level 5 in Maces & Flails
   153 | D        | Reached XP level 3. HP: 29/36 MP: 3/3
   153 | D        | Reached XP level 4. HP: 36/44 MP: 4/4
   403 | D        | Reached ** piety under Cheibriados
   408 | D        | Reached skill level 6 in Maces & Flails
   408 | D        | Reached skill level 1 in Armour
   408 | D        | Reached skill level 1 in Invocations
   412 | D        | Reached *** piety under Cheibriados
   541 | D        | Noticed a kobold brigand
   542 | D        | Noticed Blork the orc
   552 | D        | Killed Blork the orc
   553 | D        | Reached skill level 7 in Maces & Flails
   553 | D        | Reached skill level 5 in Dodging
   553 | D        | Reached XP level 5. HP: 16/51 MP: 5/7
   553 | D        | Reached **** piety under Cheibriados
   554 | D        | Reached skill level 1 in Stealth
   557 | D        | Slain by a kobold brigand

Illustrated notes

Levels and vault maps discovered:
D:        pitsprint [storerooms_1, entrance_room_1, metal_vault_6, armoury_1,
          mini_pit_1, grid_room_1, main_hall_1, silver_pit, the_coven_2,
          the_vestibule_1, steel_vault_5, golden_pit, hallway_of_sentries,
          crystal_vault_2, iron_vault_5, final_vault]

Skill      XL: |  1  2  3  4  5 |
---------------+----------------+-----
Throwing       | 2 3 |  3.1
Dodging        | 3 4 5 |  5.4
Fighting       | 3 4 |  4.7
Maces & Flails | 5 7 |  7.3
Armour         | 2 |  2.6
Invocations    | 3 |  3.5
Stealth        | 1 |  1.0

Action                     |  1- 3 |  4- 6 || total
---------------------------+-------+-------++-------
  Melee: Flail             |    13 |    12 ||    25
         Mace              |       |    10 ||    10
Ability: Spit Poison       |     1 |       ||     1
    Use: Potion            |       |     2 ||     2
 Armour: Leather armour    |    11 |    29 ||    40
  Dodge: Dodged            |    11 |    29 ||    40

Table legend: (Time is in decaauts)
 A = Elapsed time spent in this place.
 B = Non-inter-level travel time spent in this place.
 C = Inter-level travel time spent in this place.
 D = Time resting spent in this place.
 E = Time spent auto-exploring this place.
 F = Levels seen in this place.
 G = Mean time per level.
                   A        B        C        D        E       F      G
               +--------+--------+--------+--------+--------+-----+--------+
         Total |    675 |    629 |     46 |    390 |      0 |   1 |  675.0 |
       Dungeon |    675 |    629 |     46 |    390 |      0 |   1 |  675.0 |
               +--------+--------+--------+--------+--------+-----+--------+

Top non-repeatable levels by time:
       D: 675 daAuts
